 Dungeon Crawl Stone Soup version 0.31-a0-1-g4198be8af4 (webtiles) character file.

Game seed: 9188592692641097682

76468 backslashecho the Arsonist (level 16, -8/109 HPs)
             Began as a Human Ice Elementalist on Apr 30, 2023.
             Was a High Priest of Sif Muna.
             Mangled by a troll (9 damage)
             ... on level 13 of the Dungeon.
             The game lasted 02:36:53 (34926 turns).

backslashecho the Arsonist (HuIE)                  Turns: 34926, Time: 02:36:54

Health: -8/109     AC: 10    Str: 11    XL:     16   Next: 1%
Magic:  12/30      EV: 14    Int: 25    God:    Sif Muna [*****.]
Gold:   1482       SH:  6    Dex: 16    Spells: 9/36 levels left

rFire   + + .        a - +3 Elemental Staff {rElec rF+ rC+ AC+3}
rCold   + + +        V - +0 buckler {rC+}
rNeg    . . .        h - +2 robe {Will+}
rPois   .            E - +0 helmet
rElec   +            q - +0 cloak
rCorr   .            (no gloves)
SInv    .            O - +0 pair of boots
Will    +++..        (no amulet)
Stlth   +++          f - ring of willpower
HPRegen 0.38/turn    t - ring "Fejion Riuv" {rF+ rC+ Str+3 Int+3}
MPRegen 0.22/turn

%: no passive effects
@: freezing walls, very slightly contaminated, studying Ice Magic
A: no striking features
a: Renounce Religion, Channel Magic, Forget Spell, Divine Exegesis


You were on level 13 of the Dungeon.
You worshipped Sif Muna.
Sif Muna was extremely pleased with you.
You visited 4 branches of the dungeon, and saw 21 of its levels.
You also visited: Bailey and Ice Cave.

You collected 2036 gold pieces.
You spent 554 gold pieces at shops.

Inventory:

Hand Weapons
 a - the +3 Elemental Staff (weapon) {rElec rF+ rC+ AC+3}
   (You acquired it on level 12 of the Dungeon)

   It enhances your fire, ice, earth and air magic.
   AC:        It affects your AC (+3).
   rF:        It protects you from fire.
   rC:        It protects you from cold.
   rElec:     It insulates you from electricity.
 b - a +1 rapier of venom
Missiles
 G - 40 poisoned darts (quivered)
 P - 3 throwing nets
Armour
 h - a +2 robe of willpower (worn)
 q - a +0 cloak (worn)
 E - a +0 helmet (worn)
 O - a +0 pair of boots (worn)
 V - a +0 buckler of cold resistance (worn)
 W - a +2 robe of resistance
Magical Staves
 i - the staff of earth "Naemeon" {rN+ Will+}
   (You found it on level 5 of the Lair of Beasts)

   [staff of earth]

   Base accuracy: +5 Base damage: 5 Base attack delay: 1.2 This weapon's minimum
   attack delay (0.6) is reached at skill level 12.
   rN:        It protects you from negative energy.
   Will:      It increases your willpower.
   It falls into the 'Staves' category.
   It is a one-handed weapon.
Jewellery
 f - a ring of willpower (left hand)
 t - the ring "Fejion Riuv" (right hand) {rF+ rC+ Str+3 Int+3}
   (You found it in an ice cave)

   [ring of protection from cold]

   Str:       It affects your strength (+3).
   Int:       It affects your intelligence (+3).
   rF:        It protects you from fire.
   rC:        It protects you from cold.
 z - a ring of see invisible
 N - a +6 ring of intelligence
 Q - a ring of flight
Wands
 w - a wand of digging (11)
 D - a wand of flame (88)
 S - a wand of iceblast (8)
 U - a wand of charming (10)
Scrolls
 m - 5 scrolls of identify
 n - 7 scrolls of amnesia
 p - 4 scrolls of enchant armour
 r - 3 scrolls of poison
 s - 6 scrolls of teleportation
 v - 7 scrolls of fear
 x - 2 scrolls of brand weapon
 y - a scroll of fog
 F - 3 scrolls of magic mapping
 X - 5 scrolls of immolation
Potions
 c - 2 potions of might
 d - 5 potions of brilliance
 e - 2 potions of curing
 j - a potion of cancellation
 u - 6 potions of haste
 A - 2 potions of magic
 B - a potion of mutation
 C - 3 potions of resistance
 H - 5 potions of ambrosia
 I - 2 potions of flight
 T - 2 potions of invisibility
Miscellaneous
 g - a phantom mirror
 R - a phial of floods


   Skills:
 - Level 5.0 Fighting
 - Level 5.0 Dodging
 - Level 6.0 Stealth
 - Level 9.0 Shields
 + Level 10.5 Spellcasting
 - Level 12.0 Conjurations
 - Level 5.0 Summonings
 * Level 14.5 Fire Magic
 - Level 8.0 Ice Magic
 + Level 8.2 Invocations


You had 9 spell levels left.
You knew the following spells:

 Your Spells              Type           Power      Damage    Failure   Level
a - Freeze                Ice            100%       1d10      1%          1
b - Ozocubu's Armour      Ice            69%        N/A       1%          3
c - Frozen Ramparts       Ice            100%       1d16      1%          3
d - Summon Ice Beast      Ice/Summ       62%        N/A       4%          4
e - Hailstorm             Conj/Ice       76%        3d16      1%          3
f - Starburst             Conj/Fire      44%        6d12      3%          6
g - Sublimation of Blood  Necr           13%        N/A       9%          2
r - Fireball              Conj/Fire      44%        3d18      1%          5

Your spell library contained the following spells:

 Spells                   Type           Power      Damage    Failure   Level
 Foxfire                  Conj/Fire      100%       2x1d9     1%          1
 Magic Dart               Conj           100%       1d8       1%          1
 Searing Ray              Conj           100%       2d8       1%          2
 Sticky Flame             Conj/Fire      88%        2d10      1%          4
 Iskenderun's Battlesphe  Conj           65%        2d11      1%          5
 Ignite Poison            Fire/Tmut/Pois 54%        N/A       2%          3
 Mephitic Cloud           Conj/Pois/Air  49%        N/A       3%          3
 Fulminant Prism          Conj/Hex       21%        3d12      4%          4
 Beastly Appendage        Tmut           26%        N/A       6%          1
 Necrotise                Necr           52%        1d6       6%          1
 Sting                    Tmut/Pois      52%        1d5       6%          1
 Lesser Beckoning         Tloc           26%        N/A       9%          2
 Poisonous Vapours        Pois/Air       38%        N/A       9%          2
 Wereblood                Tmut           13%        N/A       9%          2
 Arcjolt                  Conj/Air       29%        1d39      14%         5
 Gell's Gravitas          Tloc           13%        N/A       19%         3
 Portal Projectile        Hex/Tloc       26%        N/A       19%         3
 Spider Form              Tmut/Pois      13%        N/A       19%         3
 Teleport Other           Tloc           13%        N/A       19%         3
 Tukima's Dance           Hex            13%        N/A       19%         3
 Vampiric Draining        Necr           13%        2d6       19%         3
 Vhi's Electric Charge    Tloc/Air       38%        N/A       19%         3
 Plasma Beam              Fire/Air       42%        2x1d61    41%         6
 Olgreb's Toxic Radiance  Pois           13%        N/A       52%         4
 Ignition                 Fire           46%        3d13      69%         8
 Agony                    Necr           13%        N/A       86%         5
 Blade Hands              Tmut           6%         N/A       86%         5
 Summon Hydra             Summ           19%        N/A       100%        7


Dungeon Overview and Level Annotations

Branches:
Dungeon (13/15)            Temple (1/1) D:4            Lair (5/5) D:11
 Shoals (0/4) Lair:3        Snake (0/4) Lair:3        Slime (0/5) Lair:5
    Orc (2/2) D:11            Elf (0/3) Orc:2        Bailey (visited)
  IceCv (visited)
 Vaults: D:13-14

Altars:
Ashenzari
Cheibriados
Dithmenos
Elyvilon
Fedhas
Gozag
Hepliaklqana
Kikubaaqudgha
Makhleb
Nemelex Xobeh
Okawaru
Qazlal
Ru
Sif Muna
Trog
Uskayaw
Vehumet
Wu Jian
Xom
Yredelemnul
Zin
The Shining One
Jiyva
Lugonu

Shops:
D:5 (   D:6 ?   Orc:2 *:*(

Portals:
Abyss: Orc:1
Pandemonium: Orc:2

Annotations:
D:1 1 runed translucent door
D:4 3 runed translucent doors, exclusion: 3 doors, rinse's ghost, amateur MfGl
D:5 3 runed translucent doors, Esekla's ghost, weakling OpDe; Menkaure; Mickster's ghost, amateur HOBe; Sigmund
Lair:3 3 runed translucent doors, Ruuliuto's ghost, journeyman HOFi
Lair:5 1 runed translucent door
Orc:2 1 runed translucent door, lotum's ghost, journeyman NaEE


Message History

Confirm with . or Enter, or press ? or * to list all spells.
Aiming: Freeze (safe; 1% risk of failure)
Press: ? - help, Shift-Dir - straight line, f/p - boulder beetle
Aim: a boulder beetle (severely wounded, not watching you, ally target)
You feel a surge of power!
You freeze the boulder beetle.
The boulder beetle is severely wounded.
The wall freezes the boulder beetle but does no damage.
The boulder beetle bites you!
The wall freezes the troll!
You block the troll's attack.
The troll claws you but does no damage. x2
Your ice beast hits the boulder beetle but does no damage.
You take 10 damage, and have 46/109 hp.
You now have 18/30 mp.
Casting: Freeze (safe; 1% risk of failure)
Confirm with . or Enter, or press ? or * to list all spells.
Aiming: Freeze (safe; 1% risk of failure)
Press: ? - help, Shift-Dir - straight line, f/p - boulder beetle
Aim: a boulder beetle (severely wounded, ally target)
You feel a surge of power!
You freeze the boulder beetle.
The boulder beetle is severely wounded.
The wall freezes the boulder beetle but does no damage.
The boulder beetle bites you!!
* * * LOW HITPOINT WARNING * * *
The wall freezes the troll.
The troll bites you!
* * * LOW HITPOINT WARNING * * *
You block the troll's attack. The troll misses you.
Your ice beast hits the boulder beetle but does no damage.
You take 28 damage, and have 18/109 hp.
MASSIVE DAMAGE!!
Casting: Freeze (safe; 1% risk of failure)
Confirm with . or Enter, or press ? or * to list all spells.
Casting: Starburst (dangerous; 3% risk of failure)
Press: ? - help, Dir - look around, f - activate You feel a surge of power!
You miscast Starburst.
You are very lightly contaminated with residual magic.
There is a sudden and violent explosion of flames.
You resist.
* * * LOW HITPOINT WARNING * * *
The wall freezes the boulder beetle but does no damage.
The boulder beetle bites you!
* * * LOW HITPOINT WARNING * * *
The wall freezes the troll.
The troll bites you!
You die...

#... # ### #
# # ####
#... ####
############
#
#@B.........
#
#.TY........
###
#..####.####
#.. #..#..
.. ###
#..#... ..#
# #..#..$$?
.# #
#..#..$}$ #
#..#../$:
###


You could see a boulder beetle (ally target), a troll and a friendly ice beast
(summoned).

Vanquished Creatures
  An azure jelly (IceCv)
  2 orc warlords
  A quicksilver ooze (IceCv)
  Nessos (Lair:4)
  Fannar (Lair:3)
  An ice dragon (Lair:3)
  2 hydras
  3 demonspawn (Orc:2)
  A centaur warrior (D:13)
  A catoblepas (Lair:5)
  3 boulder beetles
  A two-headed ogre (D:10)
  3 death yaks (Lair:5)
  A deep troll shaman (Lair:5)
  6 orc high priests (Orc:2)
  A skyshark (Lair:4)
  4 orc knights (Orc:2)
  2 deep elf pyromancers (D:13)
  6 orc sorcerers (Orc:2)
  3 cyclopes
  5 elephants
  2 manticores (D:12)
  4 merfolk sirens (Lair:3)
  2 black mambas
  An ice statue (IceCv)
  8 cane toads
  12 komodo dragons
  3 kobold demonologists
  2 unseen horrors
  Psyche (D:10)
  A rime drake (Lair:5)
  An ice devil (Orc:2)
  A red devil (Orc:2)
  3 trolls
  4 polar bears
  19 blink frogs
  4 dream sheep
  6 slime creatures (IceCv)
  A vampire (D:12)
  4 wyverns
  A shadow (D:12)
  21 yaks
  A ynoxinul (Orc:2)
  Eustachio (D:5)
  5 basilisks
  A steam dragon (D:10)
  2 vampire mosquitoes (D:13)
  7 wargs
  An acid dragon (D:12)
  12 water moccasins
  Duvessa (D:5)
  A naga (Lair:3)
  4 black bears
  A sky beast (D:7)
  37 orc warriors
  5 ogres
  6 great orb of eyes simulacra (IceCv)
  33 wolves
  20 centaurs
  A phantom (D:7)
  The ghost of domi the Firebug, an amateur DsFE (D:3)
  2 slime creature simulacra (IceCv)
  3 kobold brigands
  8 bullfrogs
  A scorpion (D:5)
  Dowan (D:5)
  4 killer bees (D:9)
  A nameless horror (Bailey)
  5 howler monkeys
  A hound (D:7)
  A jelly (D:5)
  A gnoll bouda (D:7)
  32 orc priests
  Jessica (D:2)
  Natasha (twice) (D:4)
  8 iguanas
  26 orc wizards
  2 sleepcaps
  3 hell rats (Lair:3)
  A shapeshifter simulacrum (IceCv)
  9 gnolls
  12 adders
  A shadow imp (D:6)
  A white imp (D:6)
  An ufetubus (D:6)
  A worm (D:2)
  2 dart slugs
  106 orcs
  5 ball pythons
  8 endoplasms
  5 giant cockroaches
  5 goblins
  4 hobgoblins
  3 quokkas
  3 bats
  2 frilled lizards (D:3)
  37 kobolds
  7 rats
  A bush (Lair:5)
  A lurking horror (Orc:1)
607 creatures vanquished.

Vanquished Creatures (collateral kills)
  2 quicksilver oozes (IceCv)
  Snorg (Orc:2)
  A hydra (Lair:5)
  Harold (D:9)
  A death yak (Lair:5)
  A rust devil (Orc:2)
  2 elephants
  A cyclops (D:12)
  2 black mambas (Lair:4)
  2 cane toads
  A rime drake (Lair:4)
  2 komodo dragons
  2 polar bears
  A troll (D:10)
  2 blink frogs
  3 slime creatures (IceCv)
  A wraith (D:12)
  8 yaks
  2 nagas (Lair:3)
  2 water moccasins
  4 orc warriors
  An ogre (D:7)
  4 wolves
  6 centaurs
  2 slime creature simulacra (IceCv)
  2 bullfrogs
  A gnoll sergeant (D:11)
  An orc wizard (Orc:2)
  3 hell rats (Lair:3)
  2 shapeshifter simulacra (IceCv)
  2 gnolls (D:11)
  18 orcs
84 creatures vanquished.

Vanquished Creatures (others)
  An orc (Bailey)
  39 fungi
  78 plants
118 creatures vanquished.

Grand Total: 809 creatures vanquished

Notes
Turn   | Place    | Note
-------+----------+-------------------------------------------
     0 | D:1      | backslashecho the Human Ice Elementalist began the quest
                  | for the Orb.
     0 | D:1      | Reached XP level 1. HP: 13/13 MP: 3/3
     2 | D:1      | Found a runed translucent door.
   221 | D:1      | Reached XP level 2. HP: 20/20 MP: 3/5
   699 | D:1      | Reached skill level 1 in Fighting
   699 | D:1      | Reached XP level 3. HP: 16/26 MP: 4/6
   825 | D:1      | Learned a level 3 spell: Ozocubu's Armour
   936 | D:2      | Noticed Jessica
  1392 | D:2      | Reached XP level 4. HP: 21/32 MP: 2/7
  1393 | D:2      | Killed Jessica
  1589 | D:1      | Learned a level 3 spell: Frozen Ramparts
  1620 | D:2      | Reached skill level 5 in Ice Magic
  1697 | D:2      | Reached XP level 5. HP: 21/38 MP: 5/9
  2028 | D:2      | Found a faded altar of an unknown god.
  2343 | D:3      | Found a transporter.
  2346 | D:3      | Noticed domi's ghost (amateur DsFE)
  2570 | D:3      | Found a transporter.
  2657 | D:3      | Reached XP level 6. HP: 46/46 MP: 6/10
  3100 | D:3      | Killed domi's ghost
  3240 | D:4      | Found a runed translucent gate.
  3241 | D:4      | Found a runed translucent gate.
  3243 | D:4      | Found a runed translucent gate.
  3249 | D:4      | Noticed rinse's ghost (amateur MfGl)
  3381 | D:4      | Found a staircase to the Ecumenical Temple.
  3390 | D:4      | Reached XP level 7. HP: 51/52 MP: 7/12
  3392 | Temple   | Entered the Ecumenical Temple
  3524 | D:4      | Found a glowing golden altar of the Shining One.
  3541 | D:4      | Noticed Natasha
  3545 | D:4      | Killed Natasha
  3723 | D:5      | Entered Level 5 of the Dungeon
  3766 | D:4      | Noticed Natasha
  3773 | D:4      | Killed Natasha
  3856 | D:5      | Noticed Eustachio
  3883 | D:5      | Killed Eustachio
  3998 | D:5      | Noticed a water moccasin
  4006 | D:5      | Killed a water moccasin
  4007 | D:5      | Reached XP level 8. HP: 57/58 MP: 7/14
  4015 | D:5      | Learned a level 4 spell: Summon Ice Beast
  4094 | D:5      | Found a runed translucent gate.
  4094 | D:5      | Found a runed translucent gate.
  4095 | D:5      | Found a runed translucent gate.
  4096 | D:5      | Noticed Esekla's ghost (weakling OpDe)
  4097 | D:5      | Noticed Mickster's ghost (amateur HOBe)
  4377 | D:5      | Found Oxireeg's Antique Weapon Boutique.
  4450 | D:5      | Noticed Dowan
  4477 | D:5      | Reached skill level 1 in Summonings
  4728 | D:5      | Noticed Duvessa
  4742 | D:5      | Killed Duvessa
  4747 | D:5      | Killed Dowan
  4866 | D:5      | Noticed Sigmund
  5113 | D:5      | Noticed Menkaure
  5510 | D:6      | Reached skill level 5 in Spellcasting
  5930 | D:6      | Reached skill level 5 in Stealth
  6027 | D:6      | Found Vukk's Magic Scroll Emporium.
  6157 | D:6      | Bought a scroll of fear for 56 gold pieces
  6157 | D:6      | Bought a scroll of teleportation for 42 gold pieces
  6157 | D:6      | Bought a scroll of magic mapping for 105 gold pieces
  6157 | D:6      | Bought a scroll of identify for 28 gold pieces
  6416 | D:6      | Found a shimmering altar of Xom.
  6545 | D:6      | Reached XP level 9. HP: 32/63 MP: 9/17
  7035 | D:6      | You fall into a shaft and drop 1 floor!
  7735 | D:6      | Found an opulent altar of Gozag.
  8500 | D:7      | Found a blossoming altar of Fedhas.
  8501 | D:7      | Found a hide-covered altar of Uskayaw.
  9113 | D:8      | Noticed a kobold demonologist
  9116 | D:8      | Found a broken altar of Ashenzari.
  9120 | D:8      | Found a basalt altar of Yredelemnul.
  9127 | D:8      | Killed a kobold demonologist
  9186 | D:8      | Reached skill level 5 in Summonings
  9190 | D:8      | Reached XP level 10. HP: 62/70 MP: 13/19
  9341 | D:8      | Found an ancient bone altar of Kikubaaqudgha.
  9350 | D:8      | Found a radiant altar of Vehumet.
  9364 | D:8      | Found a shimmering blue altar of Sif Muna.
  9377 | D:8      | Became a worshipper of Sif Muna the Loreminder
  9714 | D:8      | Learned a level 3 spell: Hailstorm
  9727 | D:8      | Reached skill level 1 in Conjurations
  9766 | D:8      | Found a hazy altar of Hepliaklqana.
  9891 | D:9      | Found a flagged portal.
  9896 | D:9      | Noticed Harold
  9905 | Bailey   | Entered a bailey
  9976 | Bailey   | Reached skill level 5 in Dodging
  9976 | Bailey   | Reached skill level 1 in Invocations
 10947 | Bailey   | Reached * piety under Sif Muna
 11520 | Bailey   | Reached skill level 5 in Invocations
 12441 | D:9      | Killed Harold
 12442 | D:9      | Reached XP level 11. HP: 45/75 MP: 12/21
 12960 | D:9      | Reached skill level 5 in Conjurations
 13299 | D:9      | Learned a level 5 spell: Fireball
 13332 | D:10     | Entered Level 10 of the Dungeon
 13401 | D:10     | Reached skill level 1 in Fire Magic
 13749 | D:10     | Found a sparkling altar of Nemelex Xobeh.
 13780 | D:10     | Noticed Psyche
 13894 | D:10     | Killed Psyche
 13895 | D:10     | Reached skill level 2 in Fire Magic
 13983 | D:10     | Noticed a soul eater
 13986 | D:10     | Reached skill level 3 in Fire Magic
 14092 | D:10     | Found a bloodstained altar of Trog.
 14186 | D:10     | Noticed a two-headed ogre
 14193 | D:10     | Killed a two-headed ogre
 14194 | D:10     | Reached skill level 4 in Fire Magic
 14619 | D:11     | Reached ** piety under Sif Muna
 14746 | D:11     | Found a staircase to the Lair.
 14784 | D:11     | Noticed a boulder beetle
 15004 | D:11     | Found a staircase to the Orcish Mines.
 15378 | D:11     | Reached skill level 5 in Fire Magic
 16134 | D:12     | Noticed a manticore
 16145 | D:12     | Killed a manticore
 16146 | D:12     | Reached XP level 12. HP: 32/81 MP: 10/24
 16418 | D:12     | Identified a scroll of acquirement
 16418 | D:12     | Acquired the +3 Elemental Staff {rElec rF+ rC+ AC+3}
 16418 | D:12     | Found the +3 Elemental Staff {rElec rF+ rC+ AC+3}
 16674 | D:10     | HP: 2/81 [vampire (6)]
 17059 | D:11     | Killed a boulder beetle
 17060 | D:11     | Reached skill level 6 in Fire Magic
 17587 | D:12     | Reached *** piety under Sif Muna
 17827 | D:12     | Identified the +3 flail "Xaricusch" {protect, +Blink Will+
                  | Int+2}
 18056 | D:13     | Noticed a boulder beetle
 18112 | D:13     | Noticed a boulder beetle
 18475 | Lair:1   | Entered Level 1 of the Lair of Beasts
 18489 | Lair:1   | Reached skill level 7 in Fire Magic
 18498 | Lair:1   | Reached skill level 1 in Shields
 19256 | Lair:1   | Reached skill level 8 in Fire Magic
 19452 | Lair:1   | Reached XP level 13. HP: 65/86 MP: 26/26
 19458 | Lair:1   | Identified the +2 plate armour "Vacwaj" {rElec rCorr Str-3
                  | Dex+3}
 20360 | Lair:2   | Reached **** piety under Sif Muna
 20364 | Lair:2   | Reached skill level 9 in Fire Magic
 20994 | Lair:2   | Reached skill level 5 in Shields
 21017 | Lair:2   | Noticed a four-headed hydra
 21029 | Lair:2   | Killed a four-headed hydra
 22098 | Lair:3   | Found a staircase to the Shoals.
 22245 | Lair:3   | Found a frozen archway.
 22247 | Lair:3   | Noticed an ice dragon
 22566 | Lair:3   | Killed an ice dragon
 22654 | IceCv    | Entered an ice cave
 22667 | IceCv    | Noticed a quicksilver ooze
 22672 | IceCv    | Killed a quicksilver ooze
 22939 | IceCv    | Noticed a quicksilver ooze
 22944 | IceCv    | Killed a quicksilver ooze
 23138 | IceCv    | Reached skill level 10 in Conjurations
 23138 | IceCv    | Reached skill level 10 in Fire Magic
 23150 | IceCv    | Learned a level 6 spell: Starburst
 23382 | IceCv    | Found a viscous altar of Jiyva.
 23382 | IceCv    | Noticed an azure jelly
 23384 | IceCv    | Noticed a quicksilver ooze
 23385 | IceCv    | Killed an azure jelly
 23390 | IceCv    | Killed a quicksilver ooze
 23416 | IceCv    | Reached XP level 14. HP: 67/93 MP: 0/27
 23580 | IceCv    | Got the ring "Fejion Riuv" {rF+ rC+ Str+3 Int+3}
 24062 | Lair:3   | Noticed Ruuliuto's ghost (journeyman HOFi)
 24070 | Lair:3   | Found a runed translucent gate.
 24070 | Lair:3   | Found a runed translucent gate.
 24071 | Lair:3   | Found a runed translucent gate.
 24233 | Lair:3   | Found a staircase to the Snake Pit.
 24479 | Lair:3   | Noticed Fannar
 24484 | Lair:3   | Killed Fannar
 24909 | Lair:4   | Noticed Nessos
 25435 | Lair:4   | Killed Nessos
 25544 | Lair:4   | Reached skill level 11 in Fire Magic
 25770 | Lair:4   | Reached ***** piety under Sif Muna
 25770 | Lair:4   | Received a gift from Sif Muna
 25791 | Lair:4   | Got Sif Muna's Lessons on Conjury {god gift}
 26587 | Lair:5   | Entered Level 5 of the Lair of Beasts
 28268 | Lair:5   | Reached skill level 12 in Fire Magic
 28475 | Lair:5   | Found a runed translucent door.
 28476 | Lair:5   | Found a viscous altar of Jiyva.
 28477 | Lair:5   | Found a staircase to the Slime Pits.
 28477 | Lair:5   | Noticed an acid blob
 29134 | Lair:5   | Reached XP level 15. HP: 73/98 MP: 16/28
 29796 | Lair:5   | Identified the staff of earth "Naemeon" {rN+ Will+}
 29996 | Orc:1    | Entered Level 1 of the Orcish Mines
 30023 | Orc:1    | Learned a level 2 spell: Sublimation of Blood
 30479 | Orc:1    | Found a one-way gate to the infinite horrors of the Abyss.
 30479 | Orc:1    | Found a corrupted altar of Lugonu.
 30821 | Orc:2    | Entered Level 2 of the Orcish Mines
 30834 | Orc:1    | Noticed an orc warlord
 30842 | Orc:1    | Killed an orc warlord
 31309 | Orc:2    | Noticed Snorg
 31315 | Orc:2    | Killed Snorg
 31524 | Orc:2    | Reached skill level 13 in Fire Magic
 31689 | Orc:2    | Found a runed translucent door.
 31689 | Orc:2    | Noticed lotum's ghost (journeyman NaEE)
 31704 | Orc:2    | Found a staircase to the Elven Halls.
 32081 | Orc:2    | Received a gift from Sif Muna
 32246 | Orc:2    | Noticed an orc warlord
 32254 | Orc:2    | Killed an orc warlord
 32255 | Orc:2    | Reached skill level 5 in Fighting
 32611 | Orc:2    | Found Toizab's General Store.
 32739 | Orc:2    | Found Essomyej's General Store.
 33179 | Orc:2    | Reached skill level 10 in Spellcasting
 33411 | Orc:2    | Reached skill level 14 in Fire Magic
 34024 | Orc:2    | Found Qyvit's Book Shop.
 34024 | Orc:2    | Found Laqyir's Antique Weapon Boutique.
 34024 | Orc:2    | Found a one-way gate leading to the halls of Pandemonium.
 34152 | Orc:2    | Bought a potion of magic for 136 gold pieces
 34152 | Orc:2    | Bought 2 potions of brilliance for 136 gold pieces
 34152 | Orc:2    | Bought a throwing net for 51 gold pieces
 34569 | D:13     | Reached XP level 16. HP: 109/109 MP: 8/30
 34926 | D:13     | HP: 1/109 [boulder beetle (14)]
 34926 | D:13     | Mangled by a troll

Illustrated notes

Levels and vault maps discovered:
D:1:      dpeg_arrival_caged_fury, layout_basic
D:2:      layout_loops_ring, shapermc_ecumenical_altar_totnotflames,
          uniq_jessica
D:3:      layout_loops_cross, gammafunk_ghost_arena, minmay_misc_feat_rows
D:4:      layout_rooms, tso_oasis_becter, minmay_temple_entry_proselytizer,
          gammafunk_ghost_split, uniq_natasha
D:5:      layout_cave_pods, serial_shops, shop, gammafunk_ghost_cemetery,
          nicolae_concentric_dashed_squares_wild, uniq_sigmund, uniq_duvessa,
          uniq_eustachio, uniq_menkaure
D:6:      kennysheep_kobold_camp, layout_basic, nicolae_overflow_hidden_temple,
          serial_shops, shop
D:7:      layout_gridville, gammafunk_temple_overflow_statue, st_stairs_7
D:8:      layout_loops_ring, palyth_temple_overflow_mages,
          mainiacjoe_overflow_catwalk_spiral, nicolae_hepliaklqana_hippocampus
D:9:      layout_cave_pools, enter_bailey_2, minmay_variable_closet,
          kennysheep_cluttered_room, chequers_decorated_corner, uniq_harold
D:10:     layout_roguey, mainiacjoe_overflow_catwalk, kennysheep_mini_moat,
          uniq_psyche
D:11:     layout_basic, erik_lair_orcish_takeover, hiddenorc2_lemuel
D:12:     layout_loops_ring
D:13:     cheibrodos_elevator_heist, layout_rooms, nicolae_shop_vocational
Temple:   chequers_temple_sunken
Lair:1:   layout_loops_ring, chequers_serial_rivers_micro_e, minivault_19,
          minivault_24, chequers_serial_rivers_small_3, grunt_megastairs_1
Lair:2:   layout_layer_cave
Lair:3:   layout_chaotic_city, elwin_shoals_entry_stream,
          minmay_snake_entry_guardpost_small,
          portal_ice_cave_entry_animals_and_master, gammafunk_ghost_split,
          uniq_fannar
Lair:4:   layout_small_grid, st_stairs_11, uniq_nessos
Lair:5:   grunt_lair_end_beastmaster, layout_cave_pods, slime_entry_2,
          infiniplex_staircase_pool_2
Orc:1:    layout_caves, amcnicky_altar_lugonu_corruption
Orc:2:    pf_orc_diabolical, layout_caves, hellmonk_ghost_happy_afterlife,
          david_defended_altar_orc, uniq_snorg

Skill      XL: |  1  2  3  4  5  6  7  8  9 10 11 12 13 14 15 |
---------------+----------------------------------------------+-----
Fighting       | 1 2 3 5 |  5.0
Ice Magic      | 5 6 7 8 |  8.0
Spellcasting   | 3 4 5 6 7 8 9 10 | 10.5
Stealth        | 3 5 6 |  6.0
Summonings     | 3 5 |  5.0
Dodging        | 4 5 |  5.0
Conjurations   | 4 5 8 10 12 | 12.0
Invocations    | 6 8 |  8.2
Fire Magic     | 5 8 10 12 14 | 14.5
Shields        | 3 7 9 |  9.0

Action                     |  1- 3 |  4- 6 |  7- 9 | 10-12 | 13-15 | 16-18 || total
---------------------------+-------+-------+-------+-------+-------+-------++-------
  Melee: Club              |     7 |       |       |       |       |       ||     7
         Unarmed           |     1 |       |       |     1 |       |       ||     2
         Dagger            |    23 |       |       |       |       |       ||    23
         Rapier            |    16 |    70 |   125 |    62 |     3 |       ||   276
         Punch             |     1 |     1 |     2 |       |     1 |       ||     5
         Staff             |       |       |       |    20 |    27 |       ||    47
  Throw: Dart              |       |       |     9 |    27 |    21 |     8 ||    65
         Throwing net      |       |       |       |     1 |       |       ||     1
   Cast: Freeze            |    32 |    20 |    87 |   212 |   239 |     7 ||   597
         Frozen Ramparts   |       |    10 |    22 |    59 |    58 |     1 ||   150
         Ozocubu's Armour  |       |     1 |     8 |    26 |    15 |       ||    50
         Summon Ice Beast  |       |       |     3 |    58 |    62 |     1 ||   124
         Hailstorm         |       |       |       |    29 |    12 |       ||    41
         Fireball          |       |       |       |     1 |   197 |     2 ||   200
         Starburst         |       |       |       |       |    35 |       ||    35
         Sublimation of Bl |       |       |       |       |     3 |       ||     3
         Ignition          |       |       |       |       |     1 |       ||     1
 Invoke: Channel Magic     |       |       |       |       |    11 |       ||    11
         Divine Exegesis   |       |       |       |       |     1 |       ||     1
  Evoke: Wand              |       |       |    13 |    11 |    23 |       ||    47
         Phantom mirror    |       |       |       |       |     1 |       ||     1
    Use: Scroll            |     1 |       |     9 |    17 |     6 |       ||    33
         Potion            |       |       |       |     7 |     2 |       ||     9
   Stab: Sleeping          |     6 |     5 |     6 |     6 |     3 |       ||    26
         Distracted        |       |     2 |     1 |       |       |       ||     3
 Armour: Robe              |     7 |    12 |    28 |    73 |   108 |     3 ||   231
         Skin              |       |       |       |     1 |       |       ||     1
  Dodge: Dodged            |    50 |    67 |   167 |   460 |   252 |     3 ||   999
  Block: Buckler           |       |       |       |       |   112 |     3 ||   115

Table legend: (Time is in decaauts)
 A = Elapsed time spent in this place.
 B = Non-inter-level travel time spent in this place.
 C = Inter-level travel time spent in this place.
 D = Time resting spent in this place.
 E = Time spent auto-exploring this place.
 F = Levels seen in this place.
 G = Mean time per level.
                   A        B        C        D        E       F      G
               +--------+--------+--------+--------+--------+-----+--------+
         Total |  35050 |  32348 |   2702 |   9802 |  14540 |  23 | 1523.9 |
       Dungeon |  17025 |  15342 |   1683 |   3781 |   7892 |  13 | 1309.6 |
        Temple |     57 |     30 |     27 |      0 |      0 |   1 |   57.0 |
          Lair |  10146 |   9403 |    743 |   3184 |   4429 |   5 | 2029.2 |
  Orcish Mines |   4070 |   3822 |    248 |   1119 |   1549 |   2 | 2035.0 |
        Bailey |   2531 |   2531 |      0 |   1267 |    399 |   1 | 2531.0 |
      Ice Cave |   1219 |   1219 |      0 |    451 |    270 |   1 | 1219.0 |
               +--------+--------+--------+--------+--------+-----+--------+

Top non-repeatable levels by time:
   Orc:2: 3000 daAuts
    D:11: 2569 daAuts
  Bailey: 2531 daAuts
  Lair:5: 2374 daAuts
  Lair:3: 2128 daAuts
  Lair:2: 1995 daAuts
  Lair:4: 1989 daAuts
     D:6: 1881 daAuts
     D:5: 1805 daAuts
  Lair:1: 1658 daAuts
    D:12: 1654 daAuts
     D:7: 1470 daAuts
     D:8: 1264 daAuts
   IceCv: 1219 daAuts
     D:1: 1173 daAuts
